 Dungeon Crawl Stone Soup version 0.29.1-12-g30fa7ad0bf (webtiles) character file.

Game seed: 16352974969109806394

15 IcyTea the Cudgeller (level 2, -5/26 HPs)
             Began as a Meteoran Fighter on Dec 25, 2022.
             Killed by nerve-wracking pain
             ... invoked by Jessica
              (11 damage)
             ... on level 2 of the Dungeon.
             The game lasted 00:03:15 (287 turns).

IcyTea the Cudgeller (Meteoran Fighter)              Turns: 287, Time: 00:03:16

Health: -5/26      AC:  6    Str: 20    XL:     2   Next: 88%
Magic:  3/3        EV:  9    Int:  9    God:
Gold:   21         SH:  5    Dex: 13    Spells: 1/1 levels left

rFire   . . .      SeeInvis .   a - +0 flail
rCold   + . .      Faith    .   c - +0 buckler
rNeg    . . .      Spirit   .   b - +0 scale mail
rPois   .          Reflect  .   (no helmet)
rElec   .          Harm     .   (no cloak)
rCorr   +          Rampage  .   (no gloves)
Will    .....                   (no boots)
Stlth   ..........              (no amulet)
HPRegen 0.08/turn               e - ring of Ydeih {rC+ rCorr Str+3 Slay+5 Stlth-}
MPRegen 0.08/turn               (no ring)

@: glowing
A: sense surroundings 1, otherworldly, glowing, explore regen
a: no special abilities


You were on level 2 of the Dungeon.
You visited 1 branch of the dungeon, and saw 2 of its levels.

You collected 21 gold pieces.

Inventory:

Hand Weapons
 a - a +0 flail (weapon)
Armour
 b - a +0 scale mail (worn)
 c - a +0 buckler (worn)
Jewellery
 e - the ring of Ydeih (left hand) {rC+ rCorr Str+3 Slay+5 Stlth-}
   (You acquired it on level 1 of the Dungeon)

   [ring of resist corrosion]

   Str:       It affects your strength (+3).
   Slay:      It affects your accuracy & damage with ranged weapons and melee
   (+5).
   rC:        It protects you from cold.
   rCorr:     It protects you from acid and corrosion.
   Stlth:     It makes you less stealthy.
Scrolls
 f - a scroll of blinking {unknown}
Potions
 d - a potion of might


   Skills:
 - Level 3.2 Fighting
 + Level 4.1 Maces & Flails
 - Level 3.6 Armour
 - Level 3.6 Shields


You had one spell level left.
You didn't know any spells.
Your spell library contained the following spells:

 Spells                   Type           Power      Damage    Failure   Level
 Sublimation of Blood     Necr           0%         N/A       92%         2
 Wereblood                Tmut           0%         N/A       92%         2
 Summon Hydra             Summ           0%         N/A       100%        7


Dungeon Overview and Level Annotations

Branches:
Dungeon (2/15) Zot: 907

Altars:

Annotations:
D:2 Jessica


Innate Abilities, Weirdness & Mutations

You passively map a small area around you.
You are easily found by Zot.
You glow in the dark.
You regain HP and MP as you explore.


Message History

The ball python barely misses you. The ball python misses you.
You sock the ball python!
You kill the ball python!
You see here a ball python corpse.
You pick up a book of Blood and begin reading...
You add the spells Sublimation of Blood, Wereblood and Summon Hydra to your library.
Okay, then.
Found a stone staircase leading down.
A frilled lizard comes into view.
The frilled lizard bites you but does no damage.
You sock the frilled lizard!
You kill the frilled lizard!
There is a stone staircase leading down here.
Okay, then.
You climb downwards.
There is a stone staircase leading up here.
You are a level 2 Meteoran Fighter.
You are 88% of the way to level 3.
Play time: 00:02:51 (251 turns).
Zot will find you in 945 turns if you stay in this branch and explore no new floors.
Found a quarterstaff.
Found a knobbly jewelled staff.
Jessica the Apprentice Sorceress comes into view.
She is wielding a +0 club.
Jessica shouts!
You see here a staff of fire.
Jessica points at you and mumbles some strange words.
Pain shoots through your body! Jessica hits you with a +0 club.
You hit Jessica but do no damage.
Jessica points at you and mumbles some strange words.
Pain shoots through your body!
* * * LOW HITPOINT WARNING * * *
You closely miss Jessica. Jessica barely misses you.
You hit Jessica.
Jessica is moderately wounded.
Jessica gestures wildly while chanting.
Jessica blinks!
Okay, then.
Jessica casts a spell at you. Pain shoots through your body!
You die...

#.###..## * *
#.......# *
#####.#.##### * *
* #.......#
###@###.# #.#
*.#*, , #.###.##,#
#.##...#.# * ** *
#@.......# *
,.........#...###
#######.##<#......
#...........
###########. *


You could see Jessica.

Vanquished Creatures
  A dart slug (D:1)
  A bat (D:1)
  An endoplasm (D:1)
  A goblin (D:1)
  2 hobgoblins (D:1)
  A kobold (D:1)
  2 quokkas (D:1)
  A ball python (D:1)
  A frilled lizard (D:1)
11 creatures vanquished.

Notes
Turn   | Place    | Note
-------+----------+-------------------------------------------
     0 | D:1      | IcyTea the Meteoran Fighter began the quest for the Orb.
     0 | D:1      | Reached XP level 1. HP: 19/19 MP: 2/2
    14 | D:1      | Identified a scroll of acquirement
    14 | D:1      | Acquired the ring of Ydeih {rC+ rCorr Str+3 Slay+5 Stlth-}
    67 | D:1      | Reached skill level 3 in Maces & Flails
   101 | D:1      | Reached XP level 2. HP: 26/26 MP: 3/3
   153 | D:1      | Reached skill level 4 in Maces & Flails
   263 | D:2      | Noticed Jessica
   287 | D:2      | Killed from afar by Jessica

Illustrated notes

Levels and vault maps discovered:
D:1:      dpeg_arrival_refuge, layout_loops_ring, minivault_25,
          minmay_strange_pillars, serial_bayou_pond_a
D:2:      layout_loops_ring, minmay_quadrilaterals, uniq_sigmund, uniq_jessica

Skill      XL: |  1  2 |
---------------+-------+-----
Maces & Flails | 3 4 |  4.1
Fighting       | |  3.2
Armour         | |  3.6
Shields        | |  3.6

Action                   || total
-------------------------++-------
Melee: Flail             ||    20
  Use: Scroll            ||     1
Armor: Scale mail        ||     5
Dodge: Dodged            ||     7
Block: Buckler           ||     7
